 Dungeon Crawl Stone Soup version 0.23-b1-49-g13d5857 (webtiles) character file.

Game seed: 1762921246475228516

135269 Kairos the Blocker (level 16, -11/85 HPs)
             Began as a Vine Stalker Fighter on Feb 3, 2019.
             Was the Champion of Cheibriados.
             Mangled by an eight-headed hydra simulacrum (26 damage)
             ... in an ice cave.
             The game lasted 01:08:05 (18239 turns).

Kairos the Blocker (Vine Stalker Fighter)          Turns: 18239, Time: 01:08:06

Health: -11/85     AC: 26    Str: 45    XL:     16   Next: 87%
Magic:  0/31       EV: 11    Int: 29    God:    Cheibriados [******]
Gold:   616        SH: 27    Dex: 33    Spells: 15/15 levels left

rFire    + . .     SeeInvis .   C - +5 war axe (vamp)
rCold    . . .     Gourm    .   N - +1 large shield
rNeg     . . .     Faith    .   g - +9 plate armour of Taawala {*Drain Str+4 Int+6 Dex+4}
rPois    .         Spirit   +   (no helmet)
rElec    .         Reflect  .   z - +0 cloak
rCorr    .         Harm     .   (no gloves)
MR       ++...                  x - +0 pair of boots
Stlth    ..........             V - amulet of regeneration
HPRegen  1.44/turn              a - ring of protection from fire
MPRegen  0.22/turn              J - ring of magical power

@: studying Transmutations, very slow
A: fangs 3, regeneration 2, magic shield, antimagic bite, no potion heal 3, rot
immunity
}: 1/15 runes: gossamer
a: Bend Time, Temporal Distortion, Slouch, Step From Time, Renounce Religion


You were in an ice cave.
You worshipped Cheibriados.
Cheibriados was exalted by your worship.
You were not hungry.

You visited 4 branches of the dungeon, and saw 22 of its levels.
You also visited: Ice Cave.

You collected 1720 gold pieces.
You spent 1104 gold pieces at shops.

Inventory:

Hand Weapons
 c - a +4 broad axe of electrocution
 y - a +0 broad axe of freezing
 A - a +2 war axe of draining
 C - a +5 vampiric war axe (weapon)
 G - a +1 vampiric whip
Armour
 g - the +9 plate armour of Taawala (worn) {*Drain Str+4 Int+6 Dex+4}
   (You bought it in a shop on level 6 of the Dungeon)

   It affects your strength (+4).
   It affects your intelligence (+6).
   It affects your dexterity (+4).
   It causes draining when unequipped.
 m - the +2 pair of gloves of Yredelemnul's Reproof {+Inv rPois rC-}
   (You bought it in a shop on level 6 of the Dungeon)

   It makes you vulnerable to cold.
   It protects you from poison.
   It lets you turn invisible.
 x - a +0 pair of boots (worn)
 z - a +0 cloak (worn)
 N - a +1 large shield (worn)
Jewellery
 a - a ring of protection from fire (left hand)
 j - an uncursed ring of protection from magic
 p - a +4 ring of intelligence
 J - a ring of magical power (right hand)
 U - an uncursed ring of stealth
 V - an amulet of regeneration (around neck)
Wands
 b - a wand of enslavement (30)
 H - a wand of acid (26)
 K - a wand of iceblast (15)
 T - a wand of paralysis (9)
Scrolls
 e - 5 scrolls of remove curse
 k - a scroll of magic mapping
 l - 14 scrolls of teleportation
 n - a scroll of blinking
 t - 3 scrolls of amnesia
 u - a scroll of random uselessness
 v - 2 scrolls of immolation
 D - 4 scrolls of fear
 E - a scroll of silence
 P - a scroll of fog
Potions
 d - 2 potions of might
 h - 9 potions of lignification
 i - 2 potions of agility
 o - 6 potions of heal wounds
 q - 7 potions of curing
 r - 5 potions of flight
 s - 4 potions of haste
 w - 4 potions of resistance
 B - 2 potions of mutation {unknown}
 L - a potion of magic {unknown}
 M - a potion of cancellation
 Q - 3 potions of ambrosia
Books
 W - a manual of Transmutations
Comestibles
 f - 36 rations


   Skills:
 + Level 9.9 Fighting
 + Level 13.0(14.0) Axes
 + Level 9.4(12.3) Maces & Flails
 + Level 10.8 Armour
 + Level 4.2 Dodging
 + Level 2.7 Stealth
 + Level 14.9 Shields
 + Level 6.7 Invocations


You had 15 spell levels left.
You didn't know any spells.
Your spell library contained the following spells:

 Spells                   Type           Power        Failure   Level  Hunger
 Apportation              Tloc           #.....       82%         1    ##.....
 Corona                   Hex            #......      82%         1    ##.....
 Magic Dart               Conj           #...         82%         1    ##.....
 Shock                    Conj/Air       #...         82%         1    ##.....
 Summon Butterflies       Summ           #.......     82%         1    ##.....
 Blink                    Tloc           N/A          91%         2    ###....
 Call Imp                 Summ           #.......     91%         2    ###....
 Searing Ray              Conj           #.....       91%         2    ###....
 Slow                     Hex            #.......     91%         2    ###....
 Swiftness                Chrm/Air       #.......     91%         2    ###....
 Conjure Flame            Conj/Fire      #.......     99%         3    ####...
 Dazzling Spray           Conj/Hex       #.....       99%         3    ####...
 Inner Flame              Hex/Fire       #.......     99%         3    ####...
 Lesser Beckoning         Tloc           #.........   99%         3    ####...
 Mephitic Cloud           Conj/Pois/Air  #.......     99%         3    ####...
 Portal Projectile        Hex/Tloc       #.....       99%         3    ####...
 Static Discharge         Conj/Air       #.......     99%         3    ####...
 Tukima's Dance           Hex            #.......     99%         3    ####...
 Airstrike                Air            #.........   100%        4    #####..
 Cause Fear               Hex            #.........   100%        4    #####..
 Force Lance              Conj/Tloc      #.......     100%        4    #####..
 Fulminant Prism          Conj/Hex       #.........   100%        4    #####..
 Iskenderun's Mystic Bla  Conj           #.......     100%        4    #####..
 Leda's Liquefaction      Hex/Erth       #.........   100%        4    #####..
 Alistair's Intoxication  Tmut/Pois      #.......     100%        5    ######.
 Lightning Bolt           Conj/Air       #.........   100%        5    ######.
 Invisibility             Hex            #.......     100%        6    #######


Dungeon Overview and Level Annotations

Branches:
Dungeon (11/15)            Temple (0/1) D:6            Lair (6/6) D:11
 Shoals (1/4) Lair:4       Spider (4/4) Lair:4        Slime (0/5) Lair:6
    Orc (0/2) D:10

Altars:
Ashenzari
Cheibriados
Gozag
Makhleb
Nemelex Xobeh
Qazlal

Shops:
D:4 [   D:5 }   D:6 !(?=[   D:10 *   Shoals:1 **:

Portals:
Hell: Lair:6

Annotations:
D:8 1 runed translucent door
Lair:6 exclusion: 2 oklob plants
Shoals:1 3 runed translucent doors, exclusion: obsidian statue, Qatuad's ghost, adept GnFi


Innate Abilities, Weirdness & Mutations

You have razor-sharp teeth.
You heal very quickly.
When hurt, damage is shared between your health and your magic reserves.
Your bite disrupts and absorbs the magic of your enemies.
Potions cannot restore your health.
You are immune to rotting.


Message History

The golden dragon simulacrum vapourises!
Cheibriados appreciates the change of pace.
No target in view!
You open the door.
An eight-headed hydra simulacrum comes into view.
You block the eight-headed hydra simulacrum's attack. x3
The eight-headed hydra simulacrum bites you but does no damage.
You block the eight-headed hydra simulacrum's attack.
The eight-headed hydra simulacrum barely misses you.
The eight-headed hydra simulacrum bites you.
The eight-headed hydra simulacrum freezes you!!
The eight-headed hydra simulacrum bites you but does no damage.
The eight-headed hydra simulacrum barely misses you. x3
The eight-headed hydra simulacrum bites you.
The eight-headed hydra simulacrum freezes you!!
* * * LOW HITPOINT WARNING * * *
The eight-headed hydra simulacrum bites you.
* * * LOW HITPOINT WARNING * * *
The eight-headed hydra simulacrum freezes you!!
You die...

#.............##
#.####...####.#
#44#...#44### #.
##'##..# #
#...#+## #...#
###...###
#Z#...#.#
###@#...#'###
#.○.......'.#
###.8...8.###
#.'.......'.#
###.8...8.###
#.'.......'.#
###.8...8.###
#.'.......'.#
+######'######+#


You could see an eight-headed hydra simulacrum.

Vanquished Creatures
  Kirke (Shoals:1)
  10 emperor scorpions
  3 ghost moths (Spider:4)
  2 entropy weavers
  4 spark wasps
  A merfolk impaler (Shoals:1)
  An ice dragon (Shoals:1)
  4 hydras
  A merfolk avatar (Shoals:1)
  A merfolk aquamancer (Shoals:1)
  Nergalle (Lair:2)
  A sixfirhy (Lair:6)
  A sea snake (Shoals:1)
  Pikel (D:7)
  A wizard (Lair:6)
  25 wolf spiders
  An ugly thing (D:11)
  16 orb spiders
  2 manticores (Shoals:1)
  2 moths of wrath
  4 merfolk sirens
  2 black mambas
  An elephant (Lair:6)
  3 ice statues (IceCv)
  A smoke demon (Lair:6)
  2 centaur zombies
  3 torpor snails
  An orange demon (Lair:6)
  6 spiny frogs
  4 komodo dragons
  4 rime drakes (Lair:6)
  20 demonic crawlers
  50 jumping spiders
  A golden dragon simulacrum (IceCv)
  8 ice devils
  2 anaconda simulacra (IceCv)
  2 red devils (Lair:6)
  6 merfolk
  5 tyrant leeches (Lair:3)
  A queen bee (D:9)
  9 hornets
  18 blink frogs
  A snapping turtle (Shoals:1)
  A dream sheep (Lair:6)
  8 hippogriffs
  90 redbacks
  3 water elementals (Shoals:1)
  2 shadows (D:11)
  26 tarantellas
  A dire elephant simulacrum (IceCv)
  A spriggan (D:8)
  A wraith (D:11)
  A wyvern (D:9)
  2 hogs (Shoals:1)
  38 yaks
  A basilisk (Lair:5)
  Eustachio (D:4)
  A steam dragon (D:9)
  4 vampire mosquitoes (D:11)
  Grum (Lair:1)
  A hungry ghost (D:10)
  Menkaure (D:7)
  2 wargs (D:11)
  4 swamp worms (Lair:3)
  2 hydra simulacra (IceCv)
  An iron troll simulacrum (IceCv)
  4 hell hounds (Lair:6)
  2 water moccasins
  2 porcupines (Lair:1)
  A swamp drake (D:10)
  6 orc warriors
  3 sky beasts
  2 ettin simulacra (IceCv)
  4 ice beasts
  A slave (D:7)
  A phantom (D:5)
  7 ogres
  17 wolves
  2 necrophages
  2 centaurs
  10 crocodiles
  2 big kobolds
  10 bullfrogs
  2 scorpions
  A water moccasin skeleton (D:6)
  31 killer bees
  3 wights (D:7)
  4 electric eels
  7 crimson imps
  9 hounds
  8 orc priests
  A bullfrog skeleton (D:7)
  2 jellies
  18 orc wizards
  A quasit (D:10)
  Crazy Yiuf (D:7)
  A centaur skeleton (D:7)
  2 iguanas
  Natasha (D:4)
  13 worker ants
  A hound zombie (D:6)
  2 hound skeletons
  A worker ant zombie (D:8)
  A howler monkey skeleton (D:8)
  8 adders
  A shadow imp (D:10)
  An adder skeleton (D:6)
  An adder zombie (D:6)
  4 worms
  2 dart slugs (D:2)
  2 leopard geckos
  36 orcs
  2 ball pythons
  3 bats
  10 giant cockroaches
  8 goblins
  8 hobgoblins
  19 jackals
  12 kobolds
  5 quokkas
  3 frilled lizards (D:1)
  2 leopard gecko skeletons
  A quokka skeleton (D:9)
  14 rats
  3 fungi (Lair:3)
  A plant (Lair:5)
758 creatures vanquished.

Vanquished Creatures (others)
  A wolf spider (Spider:4)
  2 jumping spiders
  A bullfrog (D:7)
  A crimson imp (D:11)
  A bullfrog skeleton (D:7)
  A hound (D:7)
  2 orcs (D:7)
  A quokka zombie (D:7)
  13 fungi
  29 plants
52 creatures vanquished.

Grand Total: 810 creatures vanquished

Notes
Turn   | Place    | Note
-------+----------+-------------------------------------------
     0 | D:1      | Kairos the Vine Stalker Fighter began the quest for the
                  | Orb.
     0 | D:1      | Reached XP level 1. HP: 11/11 MP: 2/2
    35 | D:1      | Reached XP level 2. HP: 14/16 MP: 3/3
   553 | D:1      | Reached skill level 3 in Shields
   755 | D:1      | Reached XP level 3. HP: 20/20 MP: 4/4
  1112 | D:2      | Gained mutation: Your natural rate of healing is unusually
                  | fast. [Vine Stalker growth]
  1112 | D:2      | Reached XP level 4. HP: 9/24 MP: 3/5
  1121 | D:2      | Found a faded altar of an unknown god.
  1248 | D:2      | Became a worshipper of Cheibriados the Contemplative
  1248 | D:2      | Reached * piety under Cheibriados
  1415 | D:3      | Found a shattered altar of Ashenzari.
  1611 | D:3      | Reached ** piety under Cheibriados
  1611 | D:3      | Reached XP level 5. HP: 26/28 MP: 6/6
  1877 | D:4      | Found a stormy altar of Qazlal.
  1909 | D:4      | Found a burning altar of Makhleb.
  2004 | D:4      | Noticed Eustachio
  2024 | D:4      | Killed Eustachio
  2024 | D:4      | Reached XP level 6. HP: 27/32 MP: 7/7
  2109 | D:4      | Found Loniytt's Armour Boutique.
  2144 | D:4      | Noticed Natasha
  2148 | D:4      | Killed Natasha
  2326 | D:5      | Entered Level 5 of the Dungeon
  2329 | D:5      | Noticed a phantom
  2344 | D:5      | Killed a phantom
  2344 | D:5      | Reached skill level 1 in Dodging
  2493 | D:5      | Noticed an ice beast
  2504 | D:5      | Killed an ice beast
  2504 | D:5      | Reached skill level 1 in Stealth
  2504 | D:5      | Reached XP level 7. HP: 12/37 MP: 4/8
  2709 | D:5      | Reached skill level 5 in Axes
  2766 | D:5      | Reached skill level 4 in Shields
  2769 | D:5      | Found Zof Fups's Gadget Shoppe.
  2829 | D:5      | HP: 1/37 [ogre/+0 giant club (2)]
  3070 | D:6      | Gained mutation: You have razor-sharp teeth. [Vine Stalker
                  | growth]
  3070 | D:6      | Reached XP level 8. HP: 42/42 MP: 9/9
  3081 | D:6      | Found Fepeas's Antique Armour Shop.
  3127 | D:6      | Found Goucapt's Magic Scroll Shoppe.
  3251 | D:6      | Found Wuj Ela's Distillery.
  3323 | D:6      | Reached *** piety under Cheibriados
  3466 | D:6      | Reached skill level 1 in Maces & Flails
  3602 | D:6      | Found a staircase to the Ecumenical Temple.
  3663 | D:6      | Found Fapol's Weapon Emporium.
  3781 | D:6      | Found Vemiebbur's Jewellery Shoppe.
  3913 | D:6      | Bought a pair of fine gloves for 180 gold pieces
  3919 | D:6      | Identified the +2 pair of gloves of Yredelemnul's Reproof
                  | {+Inv rPois rC-} (You bought it in a shop on level 6 of the
                  | Dungeon)
  3948 | D:7      | Noticed Menkaure
  3957 | D:7      | Killed Menkaure
  4029 | D:7      | Reached skill level 5 in Armour
  4080 | D:7      | Reached XP level 9. HP: 36/46 MP: 10/10
  4086 | D:7      | Reached skill level 5 in Shields
  4092 | D:7      | Reached **** piety under Cheibriados
  4123 | D:7      | Found a runed translucent door.
  4124 | D:7      | Noticed Crazy Yiuf
  4185 | D:7      | Noticed Pikel
  4204 | D:7      | Killed Pikel
  4430 | D:7      | Found an opulent altar of Gozag.
  4431 | D:7      | Found a sparkling altar of Nemelex Xobeh.
  4512 | D:7      | Reached skill level 5 in Fighting
  4681 | D:7      | Paralysed by Crazy Yiuf for 5 turns
  4689 | D:7      | Killed Crazy Yiuf
  4836 | D:8      | Reached skill level 5 in Maces & Flails
  4836 | D:8      | Reached skill level 6 in Shields
  4903 | D:8      | Reached XP level 10. HP: 47/51 MP: 11/11
  5040 | D:8      | Found a runed translucent door.
  5043 | D:8      | Reached ***** piety under Cheibriados
  5096 | D:8      | Found a runed translucent door.
  5974 | D:9      | Reached skill level 7 in Shields
  6399 | D:10     | Entered Level 10 of the Dungeon
  6502 | D:10     | Reached skill level 1 in Invocations
  6502 | D:10     | Reached XP level 11. HP: 56/56 MP: 12/12
  6639 | D:10     | Reached ****** piety under Cheibriados
  6649 | D:10     | Found a staircase to the Orcish Mines.
  6658 | D:10     | Reached skill level 8 in Shields
  7048 | D:10     | Found Raubb's Assorted Antiques.
  7418 | D:11     | Noticed a green ugly thing
  7444 | D:11     | Killed a green ugly thing
  7444 | D:11     | Reached skill level 9 in Shields
  7465 | D:11     | Found a staircase to the Lair.
  7864 | Lair:1   | Entered Level 1 of the Lair of Beasts
  8185 | Lair:1   | Noticed Grum
  8198 | Lair:1   | Killed Grum
  8425 | Lair:1   | Gained mutation: You heal very quickly. [Vine Stalker
                  | growth]
  8425 | Lair:1   | Reached XP level 12. HP: 62/62 MP: 14/14
  8669 | Lair:1   | Identified a scroll of acquirement
  8795 | Lair:2   | Noticed Nergalle
  8801 | Lair:2   | Killed Nergalle
  9552 | Lair:3   | Reached skill level 10 in Shields
 10239 | Lair:4   | Found a hole to the Spider Nest.
 10701 | Lair:4   | Found a staircase to the Shoals.
 10916 | Lair:4   | Reached XP level 13. HP: 65/67 MP: 16/16
 11884 | Lair:6   | Entered Level 6 of the Lair of Beasts
 12224 | Lair:6   | Found a staircase to the Slime Pits.
 12279 | Lair:6   | Reached skill level 11 in Shields
 13003 | Lair:6   | Found a burning altar of Makhleb.
 13032 | Lair:6   | HP: 2/68 [ice devil (7)]
 13071 | Lair:6   | Found a gateway to Hell.
 13401 | D:10     | Bought an agate ring for 140 gold pieces
 13475 | D:6      | Bought a blackened plate armour for 532 gold pieces
 13485 | D:6      | Identified the +9 plate armour of Taawala {*Drain Str+4
                  | Int+6 Dex+4} (You bought it in a shop on level 6 of the
                  | Dungeon)
 13510 | D:6      | Bought a scroll of enchant weapon for 82 gold pieces
 13510 | D:6      | Bought 3 scrolls of identify for 66 gold pieces
 13510 | D:6      | Bought a scroll of identify for 22 gold pieces
 13510 | D:6      | Bought a scroll of enchant weapon for 82 gold pieces
 13680 | Spider:1 | Entered Level 1 of the Spider Nest
 13686 | Spider:1 | Reached XP level 14. HP: 40/72 MP: 11/18
 13686 | Spider:1 | Reached skill level 5 in Invocations
 13985 | Spider:1 | Reached skill level 12 in Shields
 14053 | Spider:1 | Noticed an emperor scorpion
 14073 | Spider:1 | Killed an emperor scorpion
 14348 | Spider:1 | Noticed an emperor scorpion
 14366 | Spider:1 | Killed an emperor scorpion
 14437 | Spider:2 | Reached skill level 10 in Axes
 14458 | Spider:2 | Got a twisted chain mail
 14509 | Spider:1 | Identified the +3 chain mail of Metuoff {Stlth+} (You found
                  | it on level 2 of the Spider Nest)
 14590 | Spider:2 | Noticed an entropy weaver
 14983 | Spider:2 | Killed an entropy weaver
 14983 | Spider:2 | Reached XP level 15. HP: 73/78 MP: 17/20
 15412 | Spider:3 | Reached skill level 13 in Shields
 15432 | Spider:3 | Noticed an emperor scorpion
 15450 | Spider:3 | Killed an emperor scorpion
 15450 | Spider:3 | Reached skill level 10 in Armour
 15995 | Spider:4 | Entered Level 4 of the Spider Nest
 16284 | Spider:4 | Noticed an emperor scorpion
 16285 | Spider:4 | Noticed an emperor scorpion
 16316 | Spider:4 | Killed an emperor scorpion
 16336 | Spider:4 | Killed an emperor scorpion
 16466 | Spider:4 | Reached skill level 14 in Shields
 16584 | Spider:4 | Reached XP level 16. HP: 84/84 MP: 21/21
 17311 | Spider:4 | Got a gossamer rune of Zot
 17742 | Shoals:1 | Entered Level 1 of the Shoals
 17742 | Shoals:1 | Noticed Kirke
 17752 | Shoals:1 | Killed Kirke
 17844 | Shoals:1 | Found a runed translucent gate.
 17844 | Shoals:1 | Found a runed translucent gate.
 17844 | Shoals:1 | Found a runed translucent gate.
 17845 | Shoals:1 | Found an opulent altar of Gozag.
 17845 | Shoals:1 | Found Yshruh's Assorted Antiques.
 17846 | Shoals:1 | Noticed Qatuad's ghost (adept GnFi)
 17847 | Shoals:1 | Found Rafofuda's Assorted Antiques.
 17874 | Shoals:1 | Found Moiplerch's Book Emporium.
 17965 | Shoals:1 | Found a frozen archway.
 17988 | IceCv    | Entered an ice cave
 18239 | IceCv    | Mangled by an eight-headed hydra simulacrum

Skill      XL: |  1  2  3  4  5  6  7  8  9 10 11 12 13 14 15 16 |
---------------+-------------------------------------------------+-----
Axes           | 2 3 4 5 8 10 12 13 | 13.0
Fighting       | 3 4 5 6 7 8 9 |  9.9
Shields        | 3 4 6 7 9 10 11 12 14 | 14.9
Armour         | 3 4 5 6 7 8 9 10 | 10.8
Dodging        | 1 2 3 4 |  4.2
Stealth        | 1 2 |  2.7
Maces & Flails | 3 5 7 8 9 |  9.4
Invocations    | 1 2 3 4 5 6 |  6.7

Action                   |  1- 3 |  4- 6 |  7- 9 | 10-12 | 13-15 | 16-18 || total
-------------------------+-------+-------+-------+-------+-------+-------++-------
Melee: War axe           |   101 |    91 |     8 |       |   594 |   355 ||  1149
       Bite              |    23 |    31 |   124 |   416 |   552 |   225 ||  1371
       Whip              |       |       |   238 |   621 |   259 |       ||  1118
       Broad axe         |       |       |       |   169 |    53 |       ||   222
Invok: Bend Time         |       |       |       |    28 |    36 |    18 ||    82
       Slouch            |       |       |       |       |     8 |     1 ||     9
  Use: Scroll            |       |     5 |     3 |     9 |    13 |     7 ||    37
       Potion            |       |       |       |     1 |       |     1 ||     2
 Stab: Sleeping          |       |       |       |       |     1 |       ||     1
       Held in net/web   |       |       |       |       |     1 |       ||     1
  Eat: Chunk             |       |     3 |     3 |    14 |     7 |     2 ||    29
       Ration            |       |       |     2 |       |     7 |     1 ||    10
Armor: Scale mail        |    43 |    24 |       |       |       |       ||    67
       Chain mail        |       |     2 |   103 |   245 |    83 |       ||   433
       Skin              |       |       |       |    31 |       |       ||    31
       Plate armour      |       |       |       |       |   475 |   260 ||   735
Dodge: Dodged            |    29 |    21 |    44 |   228 |   342 |   119 ||   783
Block: Shield            |    52 |    51 |   131 |   520 |       |       ||   754
       Large shield      |       |       |       |   211 |  1437 |   597 ||  2245
